 Dungeon Crawl Stone Soup version 0.31-a0-986-g5e6e4ef867 (webtiles) character file.

Game seed: 13549631067651314501

385 strifetoe the Cleaver (level 7, 0/57 HPs)
             Began as a Meteoran Fighter on Nov 22, 2023.
             Slain by a gnoll bouda
             ... wielding a +0 club
              (9 damage)
             ... on level 6 of the Dungeon.
             The game lasted 00:06:10 (1474 turns).

strifetoe the Cleaver (Meteoran Fighter)            Turns: 1474, Time: 00:06:11

Health: 0/57       AC: 10    Str: 20    XL:     7   Next: 27%
Magic:  8/8        EV:  9    Int: 10    God:
Gold:   38         SH:  4    Dex: 13    Spells: 6/6 levels left

rFire   . . .        m - +0 hand axe (elec)
rCold   . . .        c - +0 buckler
rNeg    . . .        b - +0 scale mail
rPois   .            h - +1 helmet
rElec   .            (no cloak)
rCorr   .            (no gloves)
SInv    .            l - +0 pair of boots
Will    +....        (no amulet) Stlth
                     o - ring of willpower
HPRegen 0.29/turn    (no ring)
MPRegen 0.11/turn

%: no passive effects
@: weakened, glowing
A: sense surroundings 1, otherworldly, glowing, explore regen
a: no special abilities


You were on level 6 of the Dungeon.
You visited 1 branch of the dungeon, and saw 6 of its levels.

You collected 38 gold pieces.

Inventory:

Hand Weapons
 a - a +0 war axe
 f - a +0 heavy arbalest
 m - a +0 hand axe of electrocution (weapon)
Armour
 b - a +0 scale mail (worn)
 c - a +0 buckler (worn)
 h - a +1 helmet (worn)
 l - a +0 pair of boots (worn)
 p - a +0 chain mail
Jewellery
 o - a ring of willpower (left hand)
Scrolls
 n - a scroll of butterflies {unknown}
Potions
 d - 2 potions of might
 e - 2 potions of heal wounds
 g - a potion of berserk rage {unknown}
 i - 2 potions of haste {unknown}
 j - a potion of degeneration {unknown}
 k - 2 potions of enlightenment


   Skills:
 - Level 3.2 Fighting
 + Level 8.4 Axes
 - Level 3.2 Armour
 - Level 3.2 Shields


You had 6 spell levels left.
You didn't know any spells.
Your spell library contained the following spells:

 Spells                   Type           Power      Damage    Failure   Level
 Call Canine Familiar     Summ           0%         N/A       99%         3
 Sigil of Binding         Hex            0%         N/A       99%         3
 Dimensional Bullseye     Hex/Tloc       0%         N/A       100%        4
 Leda's Liquefaction      Hex/Erth       0%         N/A       100%        4


Dungeon Overview and Level Annotations

Branches:
Dungeon (6/15) Zot: 2098
 Temple: D:4-7

Altars:

Shops:
D:3 !


Innate Abilities, Weirdness & Mutations

You passively map a small area around you.
You are easily found by Zot.
You glow in the dark.
You regain HP and MP as you explore.


Message History

You kill the gnoll!
The gnoll barely misses you.
Unknown command.
You closely miss the gnoll bouda.
The gnoll bouda is moderately wounded.
You hit the gnoll. The gnoll barely misses you.
Unknown command.
The gnoll hits you but does no damage. The steam dragon bites you.
You block the steam dragon's attack. The gnoll hits you but does no damage.
The gnoll bouda barely misses you.
Unknown command.
You hit the steam dragon but do no damage.
Lightning courses through the steam dragon!
The steam dragon is moderately wounded.
You hit the gnoll bouda but do no damage.
You barely miss the gnoll. You hit the gnoll but do no damage.
The gnoll hits you with a +0 flail!
The steam dragon bites you but does no damage.
The steam dragon claws you but does no damage.
The gnoll hits you with a +0 spear. The gnoll bouda barely misses you.
You slash the steam dragon!
The steam dragon is severely wounded.
You hit the gnoll bouda but do no damage.
You closely miss the gnoll. You hit the gnoll. You block the gnoll's attack.
The steam dragon bites you! You block the steam dragon's attack.
The gnoll hits you with a +0 spear. The gnoll bouda closely misses you.
Unknown command.
You hit the steam dragon.
The steam dragon is severely wounded.
You hit the gnoll bouda but do no damage.
You closely miss the gnoll. You hit the gnoll.
You kill the gnoll!
You block the gnoll's attack. The steam dragon breathes steam at you.
The ball of steam hits you!!
* * * LOW HITPOINT WARNING * * *
The gnoll bouda gazes fiercely through you!
You feel your attacks grow feeble.
The gnoll bouda hits you with a +0 club!
You die...

, * * * ...., ,*
.... * * #..# **
#..# #..# , ####..#
#...gD# ** ###@## ,
#()§g# * *
,.......#§.# * , ,
*, ,,...#####..# *
, * * .#....##>..#
* ,
...##....#.###... ,
,.....###.........
, *
,.................,
..###.#.#......# *
,


You could see a steam dragon (catching breath), a gnoll bouda and a gnoll
(swift).

Vanquished Creatures
  3 scorpions
  2 hounds
  An orc priest (D:6)
  An orc wizard (D:6)
  3 gnolls (D:6)
  3 adders
  9 orcs
  3 bats
  2 endoplasms
  2 hobgoblins
  4 kobolds
  3 quokkas (D:3)
  5 ball pythons
  2 frilled lizards (D:1)
  6 goblins
  2 rats
51 creatures vanquished.

Notes
Turn   | Place    | Note
-------+----------+-------------------------------------------
     0 | D:1      | strifetoe the Meteoran Fighter began the quest for the Orb.
     0 | D:1      | Reached XP level 1. HP: 19/19 MP: 2/2
   313 | D:2      | Reached skill level 3 in Axes
   313 | D:2      | Reached XP level 2. HP: 26/26 MP: 3/3
   495 | D:1      | Reached XP level 3. HP: 31/31 MP: 4/4
   533 | D:1      | Reached skill level 4 in Axes
   745 | D:3      | Reached XP level 4. HP: 38/38 MP: 5/5
   793 | D:3      | Found Fuja Gigh's Distillery.
   997 | D:4      | Reached skill level 5 in Axes
  1028 | D:4      | Reached XP level 5. HP: 45/45 MP: 6/6
  1188 | D:4      | Reached skill level 6 in Axes
  1296 | D:5      | Entered Level 5 of the Dungeon
  1354 | D:5      | Reached skill level 7 in Axes
  1354 | D:5      | Reached XP level 6. HP: 44/51 MP: 7/7
  1437 | D:6      | Reached skill level 8 in Axes
  1437 | D:6      | Reached XP level 7. HP: 45/57 MP: 8/8
  1462 | D:6      | Noticed a steam dragon
  1474 | D:6      | Slain by a gnoll bouda

Illustrated notes

Levels and vault maps discovered:
D:1:      lemuel_arrival_river_bridge, layout_loops_ring, st_stairs_7,
          minmay_misc_feat_five, minmay_misc_feat_hallway, chequers_avenue
D:2:      layout_basic
D:3:      layout_loops_cross, serial_shops, shop, grunt_ministairs_2,
          st_stairs_6, nicolae_concentric_dashed_squares_mild
D:4:      layout_basic, abandoned_shop, minmay_three_crescents
D:5:      layout_basic, serial_rivers, chequers_serial_rivers_room_a,
          chequers_serial_rivers_micro_c, chequers_serial_rivers_room_b,
          chequers_serial_rivers_micro_d, chequers_serial_rivers_micro_c,
          dreamdust_mushroom_princess
D:6:      layout_rooms

Skill      XL: |  1  2  3  4  5  6 |
---------------+-------------------+-----
Axes           | 3 4 5 7 8 |  8.4
Fighting       | |  3.2
Armour         | |  3.2
Shields        | |  3.2

Action                     |  1- 3 |  4- 6 |  7- 9 || total
---------------------------+-------+-------+-------++-------
  Melee: War axe           |    47 |    40 |       ||    87
         Hand axe          |       |    11 |    14 ||    25
    Use: Scroll            |       |     2 |       ||     2
 Armour: Scale mail        |    41 |    37 |    19 ||    97
  Dodge: Dodged            |    22 |    31 |    11 ||    64
  Block: Buckler           |    15 |    11 |     8 ||    34

Table legend: (Time is in decaauts)
 A = Elapsed time spent in this place.
 B = Non-inter-level travel time spent in this place.
 C = Inter-level travel time spent in this place.
 D = Time resting spent in this place.
 E = Time spent auto-exploring this place.
 F = Levels seen in this place.
 G = Mean time per level.
                   A        B        C        D        E       F      G
               +--------+--------+--------+--------+--------+-----+--------+
         Total |   1500 |   1497 |      3 |    386 |      0 |   6 |  250.0 |
       Dungeon |   1500 |   1497 |      3 |    386 |      0 |   6 |  250.0 |
               +--------+--------+--------+--------+--------+-----+--------+

Top non-repeatable levels by time:
     D:2: 383 daAuts
     D:1: 360 daAuts
     D:3: 345 daAuts
     D:4: 232 daAuts
     D:5: 121 daAuts
     D:6: 58 daAuts
